 Dungeon Crawl Stone Soup version 0.17.1-3-g152610e (webtiles) character file.

389 Jerry the Ducker (level 6, -4/42 HPs)
             Began as an Octopode Warper on Feb 27, 2016.
             Was an Initiate of Ashenzari.
             Slain by an ogre
             ... wielding a +0 giant club
              (22 damage)
             ... on level 4 of the Dungeon.
             The game lasted 00:22:02 (3271 turns).

Jerry the Ducker (Octopode Warper)                  Turns: 3271, Time: 00:22:02

Health: -4/42      AC:  1    Str: 10    XL:     6   Next: 79%
Magic:  7/10       EV: 16    Int: 16    God:    Ashenzari [......]
Gold:   118        SH:  0    Dex: 13    Spells: 3 memorised, 6 levels left

rFire  . . .     SeeInvis .     q - +1 whip (curse)
rCold  . . .     Clarity  .     (no shield)
rNeg   . . .     SustAt   +     (helmet restricted)
rPois  .         Gourm    .     (no amulet)
rElec  .         Spirit   .     k - +3 ring of evasion (curse)
rCorr  .         Warding  .     o - ring of sustain attributes (curse)
rMut   .         Stasis   .     (no ring)
MR     .....                    (no ring)
Stlth  +++.......               (no ring)
                                (no ring)
                                (no ring)
                                (no ring)

@: not resistant to hostile enchantments, fairly stealthy
A: almost no armour, amphibious, 8 rings, constrict 8, camouflage 1, gelatinous
body 1
a: Renounce Religion


You were on level 4 of the Dungeon.
You worshipped Ashenzari.
Ashenzari was noncommittal.
You were hungry.

You visited 1 branch of the dungeon, and saw 4 of its levels.

You collected 118 gold pieces.

Inventory:

Hand Weapons
 q - a cursed +1 whip (weapon)
Missiles
 d - 5 tomahawks of dispersal (quivered)
Jewellery
 k - a cursed +3 ring of evasion (left tentacle)
 o - a cursed ring of sustain attributes (right tentacle)
Scrolls
 a - 2 scrolls of curse jewellery
 c - 2 scrolls of blinking
 h - a scroll of curse armour
 l - a scroll of remove curse
 m - a scroll of magic mapping {unknown}
 r - a scroll of noise {unknown}
 u - a scroll of recharging
 v - 2 scrolls of enchant weapon
Potions
 g - 3 potions of haste
 j - 2 potions of curing
 n - a potion of ambrosia {unknown}
 p - a potion of magic {unknown}
 t - a potion of mutation {unknown}
 w - a potion of poison {unknown}
Books
 b - a book of Spatial Translocations

   Spells                             Type                      Level
   a - Apportation                    Translocation                1
   b - Blink                          Translocation                2
   c - Shroud of Golubria             Charms/Translocation         2
   d - Portal Projectile              Translocation                3
   e - Teleport Other                 Translocation                3
   f - Passage of Golubria            Translocation                4
Comestibles
 e - 4 bread rations
 f - 2 beef jerkies
 i - a meat ration
 s - 3 fruits


   Skills:
 + Level 3.5 Fighting
 + Level 3.2 Maces & Flails
 - Level 1.0 Throwing
 + Level 3.8 Dodging
 - Level 3.2 Stealth
 + Level 3.0 Spellcasting
 + Level 2.2 Charms
 - Level 3.0 Translocations


You had 6 spell levels left.
You knew the following spells:

 Your Spells              Type           Power        Failure   Level  Hunger
a - Apportation           Tloc           ##........   8%          1    #......
b - Shroud of Golubria    Chrm/Tloc      ##........   12%         2    ##.....
c - Blink                 Tloc           N/A          10%         2    ##.....


Dungeon Overview and Level Annotations

Branches:
Dungeon (4/15)
 Temple: D:4-7

Altars:
Ashenzari
Ru
Yredelemnul

Shops:
D:4 *[


Innate Abilities, Weirdness & Mutations

You cannot wear most types of armour.
You are amphibious.
You can wear up to eight rings at the same time.
You can use your tentacles to constrict eight enemies at once.
Your skin changes colour to match your surroundings (Stealth).
Your rubbery body absorbs attacks (AC +1).


Message History

Confirm with . or Enter, or press ? or * to list all spells.
Space distorts slightly along a thin shroud covering your body.
The ogre shouts!
You barely miss the ogre. The ogre misses you.
You hit the ogre.
The ogre is lightly wounded.
The ogre hits you with a giant club!!
Ouch! That really hurt!
Your shroud falls apart!
Casting: Shroud of Golubria
Confirm with . or Enter, or press ? or * to list all spells.
Space distorts slightly along a thin shroud covering your body.
You hit the ogre.
The ogre is moderately wounded.
The ogre misses you.
You hit the ogre.
The ogre is moderately wounded.
The ogre hits you with a giant club!!
Ouch! That really hurt!
You die...

.. ... ... #.# #.# ###
#.# #### #### ...
#.###..###).## ###
#..#.#..#..#.##
#@..#..#..#.._#
########O##..#..#..###
.........###...#...#
........## #########
........#
........############
...................#
............>......#
...................#


You could see an ogre.

Vanquished Creatures
  The ghost of Clownie the Gusty, an amateur TeAE (D:4)
  An ogre (D:4)
  An orc wizard (D:3)
  5 adders
  3 gnolls (D:2)
  2 oozes
  2 worms
  4 giant geckos
  5 orcs (D:3)
  5 giant cockroaches
  9 hobgoblins
  4 jackals (D:2)
  7 kobolds
  8 bats
  4 giant newts
  7 goblins
  2 quokkas (D:3)
  2 quokka skeletons (D:4)
  6 rats
78 creatures vanquished.

Notes
Turn   | Place    | Note
--------------------------------------------------------------
     0 | D:1      | Jerry the Octopode Warper began the quest for the Orb.
     0 | D:1      | Reached XP level 1. HP: 14/14 MP: 3/3
   395 | D:1      | Reached skill level 1 in Stealth
   395 | D:1      | Reached XP level 2. HP: 19/19 MP: 5/5
   406 | D:1      | Learned a level 2 spell: Shroud of Golubria
   865 | D:2      | Found a sacrificial altar of Ru.
   911 | D:2      | Found a shattered altar of Ashenzari.
   914 | D:2      | Became a worshipper of Ashenzari the Shackled
   938 | D:2      | Reached XP level 3. HP: 25/25 MP: 6/6
  1291 | D:2      | Reached skill level 1 in Charms
  1294 | D:2      | Reached XP level 4. HP: 21/30 MP: 3/7
  2061 | D:3      | Reached XP level 5. HP: 36/36 MP: 5/8
  2252 | D:3      | Found a faded altar to an unknown god.
  2895 | D:4      | Found Bimum's Bounteous Boutique.
  2983 | D:4      | Noticed an ogre
  2994 | D:4      | Killed an ogre
  2994 | D:4      | Reached XP level 6. HP: 42/42 MP: 8/10
  2998 | D:4      | Learned a level 2 spell: Blink
  3069 | D:4      | Found Genadik's Antique Armour Boutique.
  3092 | D:4      | Noticed Clownie's ghost (amateur TeAE)
  3122 | D:4      | Killed Clownie's ghost
  3244 | D:4      | Found a basalt altar of Yredelemnul.
  3271 | D:4      | Slain by an ogre

Action                   |  1- 3 |  4- 6 || total
-------------------------+-------+-------++-------
Melee: Mace              |    31 |       ||    31
       Whip              |    26 |   131 ||   157
 Cast: Shroud of Golubri |     5 |    17 ||    22
       Apportation       |     1 |       ||     1
  Use: Scroll            |       |    11 ||    11
 Stab: Sleeping          |     8 |    14 ||    22
  Eat: Chunk             |     1 |     7 ||     8
